Map: Hard Lead LE

Players

rabe - Winner!

  • Race: Zerg Zerg
  • League: Diamond
  • Spawn Location: 11:00

JrFeNixOP

  • Race: Protoss Protoss
  • League: Diamond
  • Spawn Location: 5:00

VOD

Have the link to the VOD?

Description

Time

  • Played on: Nov. 15, 2023, 12:50 p.m.
  • Length: 13:10
Show
View Real Time Build Order
Export as new Build Order

rabe Zerg - Winner!

Build Orders: Pool First 

Get SALT Encoding   

  12  0:03  Drone  
  13  0:08  Drone  
  14  0:26  Spawning Pool  
  13  0:29  Drone  
  14  0:39  Extractor  
  14  0:40  Drone  
  14  0:41  Extractor, Drone  
  15  0:47  Overlord  
  16  1:13  Zergling x4  
  16  1:14  Zergling x2  
  19  1:24  Drone  
  20  1:35  Hatchery  
  20  1:36  Drone  
  20  1:38  Extractor  
  19  1:50  Hatchery  
  19  1:52  Drone  
  19  2:02  Spine Crawler  
  19  2:03  Zergling x2  
  18  2:16  Drone  
  18  2:18  Drone  
  20  2:32  Drone  
  21  2:45  Overlord  
  21  2:46  Queen  
  21  2:47  Overlord  
  23  2:54  Drone  
  24  2:58  Pneumatized Carapace  
  24  2:59  Drone  
  25  3:06  Drone  
  26  3:19  Drone x2, Metabolic Boost  
  28  3:21  Drone  
  28  3:23  Drone  
  30  3:32  Zergling x4  
  30  3:34  Zergling x2  
  33  3:35  Drone  
  33  3:39  Drone  
  35  3:43  Drone  
  35  3:44  Drone  
  35  3:48  Drone x2  
  39  4:01  Zergling x6  
  42  4:04  Zergling x2  
  42  4:08  Zergling x4  
  45  4:14  Zergling x2  
  46  4:17  Extractor  
  46  4:18  Lair  
  46  4:20  Zergling x4  
  46  4:21  Queen  
  49  4:36  Zergling x2, Overlord  
  49  4:37  Overlord x2  
  50  4:54  Queen  
  51  5:02  Drone x10  
  61  5:10  Roach Warren  
  61  5:12  Drone  
  61  5:13  Drone  
  63  5:14  Drone  
  63  5:28  Spire  
  60  5:36  Zergling x4  
  60  5:37  Zergling x8  
  60  5:40  Zergling x2  
  60  5:41  Zergling x6  
  62  5:43  Zergling x6  
  61  5:51  Roach x2  
  61  5:52  Roach  
  67  5:57  Zergling x2  
  67  6:00  Zergling x2  
  67  6:04  Queen x3  
  68  6:07  Overlord  
  74  6:16  Overlord x3  
  74  6:19  Glial Reconstitution  
  74  6:25  Zergling x6  
  75  6:28  Zergling x2  
  78  6:33  Zergling x2  
  78  6:35  Zergling x2  
  78  6:37  Zergling x2  
  81  6:47  Roach x8  
  97  6:56  Corruptor  
  97  7:00  Extractor  
  97  7:01  Extractor, Overlord x2  
  98  7:02  Overlord  
  98  7:05  Overlord  
  97  7:11  Overlord x2  
  93  7:16  Overseer  
  93  7:17  Overseer x3  
  91  7:47  Drone x7  
  91  7:48  Drone x5  
  91  7:50  Roach  
  105  7:52  Corruptor  
  107  8:05  Drone x3  
  110  8:09  Hatchery  
  109  8:16  Roach  
  109  8:17  Roach x2  
  115  8:20  Ravager x3  
  115  8:24  Drone x5  
  115  8:26  Drone  
  124  8:27  Drone  
  124  8:28  Drone  
  126  8:39  Roach x3  
  132  8:43  Extractor, Drone  
  132  8:44  Extractor, Evolution Chamber x3  
  132  8:45  Drone  
  132  8:46  Drone  
  130  9:10  Corruptor x5  
  130  9:13  Zergling x8  
  130  9:14  Zergling x4  
  144  9:24  Roach  
  144  9:25  Roach x2, Overlord x2  
  150  9:40  Overlord x4  
  150  9:41  Overlord  
  150  9:42  Queen  
  150  9:45  Zerg Missile Weapons Level 1  
  152  9:48  Zerg Ground Armor Level 1  
  152  9:50  Zerg Melee Weapons Level 1  
  150  10:19  Corruptor x5  
  150  10:20  Corruptor  
  123  10:36  Zergling x2  
  123  10:37  Zergling x36  
  142  10:44  Zergling x10  
  142  10:48  Zergling x2  
  142  10:49  Zergling x2  
  149  10:55  Ravager x7  
  156  10:57  Zergling x6  
  156  11:00  Zergling x2  
  160  11:04  Zergling x2  
  160  11:07  Zergling x2  
  160  11:09  Zergling x2  
  162  11:25  Zergling x22  
  153  11:26  Zergling x8  
  146  11:40  Corruptor x2  
  146  11:41  Corruptor x4  
  157  11:49  Corruptor x2  
  157  11:53  Corruptor  
  163  12:06  Zergling x8  
  167  12:08  Overlord  
  167  12:09  Overlord  
  152  12:32  Corruptor x4  
  153  12:44  Drone x4  
  153  12:45  Drone x7  
  153  12:48  Drone  
  153  12:49  Drone  
  166  12:58  Overseer x4  
Show
View Real Time Build Order
Export as new Build Order

JrFeNixOP Protoss 

Build Orders: Dark Templar Rush 

Get SALT Encoding   

  12  0:00  Probe  
  13  0:12  Probe  
  14  0:21  Pylon  
  14  0:25  Probe  
  15  0:39  Probe (Chrono Boost)  
  15  0:41  Gateway  
  16  0:52  Assimilator, Probe (Chrono Boost)  
  17  0:58  Probe (Chrono Boost)  
  17  1:00  Assimilator  
  18  1:06  Probe  
  18  1:08  Pylon  
  19  1:18  Probe  
  20  1:28  Zealot (Chrono Boost)  
  20  1:30  Probe  
  23  1:34  Cybernetics Core  
  23  1:45  Probe  
  24  1:48  Zealot (Chrono Boost)  
  26  1:57  Probe  
  27  2:05  Pylon  
  27  2:12  Warp Gate (Chrono Boost)  
  27  2:14  Stalker  
  29  2:22  Robotics Facility  
  29  2:29  Probe  
  30  2:39  Twilight Council  
  30  2:45  Shield Battery  
  30  2:57  Pylon  
  30  2:59  Probe  
  31  3:10  Immortal  
  31  3:12  Probe  
  36  3:34  Dark Shrine  
  36  3:38  Gateway  
  36  3:41  Gateway  
  36  3:46  Probe  
  37  3:54  Stalker  
  39  4:12  Nexus  
  39  4:20  Stalker  
  41  4:35  Stargate, Charge  
  41  4:40  Probe  
  42  4:50  Pylon  
  42  5:06  Nexus  
  42  5:10  Zealot, Warp Prism (Chrono Boost), Shield Battery  
  46  5:17  Probe  
  47  5:31  Probe  
  47  5:34  Zealot  
  47  5:35  Zealot  
  48  5:49  Zealot  
  50  5:50  Probe  
  49  6:04  Probe  
  54  6:11  Void Ray  
  54  6:16  Probe  
  55  6:19  Pylon  
  55  6:20  Dark Templar  
  55  6:21  Pylon  
  57  6:26  Dark Templar  
  59  6:33  Probe  
  59  6:37  Probe  
  61  6:45  Probe  
  62  6:49  Probe  
  63  6:57  Probe  
  63  7:01  Probe  
  65  7:02  Assimilator x2  
  69  7:10  Void Ray (Chrono Boost), Probe  
  69  7:13  Probe  
  71  7:22  Probe  
  72  7:25  Immortal, Probe  
  73  7:40  Zealot x3  
  79  7:51  Void Ray (Chrono Boost)  
  81  7:57  Probe  
  82  7:59  Probe  
  82  8:05  Zealot, Pylon  
  83  8:11  Forge  
  85  8:20  Pylon  
  85  8:23  Pylon  
  85  8:30  Nexus  
  85  8:31  Templar Archives  
  89  8:38  Pylon  
  89  8:39  Void Ray (Chrono Boost)  
  89  8:41  Pylon  
  89  8:43  Protoss Ground Weapons Level 1 (Chrono Boost)  
  89  8:54  Probe  
  89  8:55  Probe  
  91  9:00  Observer  
  92  9:05  Dark Templar  
  92  9:06  Dark Templar  
  96  9:11  Dark Templar  
  96  9:24  Probe  
  96  9:29  Shield Battery  
  96  9:30  Shield Battery  
  101  9:39  Void Ray  
  101  9:40  Gateway  
  101  9:42  Gateway  
  101  9:44  Pylon  
  101  9:46  High Templar x2  
  101  9:49  Archon  
  105  9:53  Archon  
  105  9:54  High Templar  
  107  10:00  Archon  
  107  10:03  Probe  
  107  10:04  Probe  
  106  10:20  Zealot x2  
  90  10:22  Probe  
  90  10:23  Probe  
  72  10:37  High Templar x2  
  72  10:41  Void Ray (Chrono Boost), Probe x2  
  78  10:45  Immortal  
  78  10:47  Archon  
  78  10:48  Stalker x2  
  86  10:54  Shield Battery  
  86  10:57  Shield Battery  
  86  11:02  Photon Cannon  
  86  11:06  Assimilator  
  86  11:07  Dark Templar, Assimilator  
  86  11:08  Protoss Ground Armor Level 1 (Chrono Boost)  
  88  11:17  Probe  
  73  11:25  Dark Templar  
  66  11:34  Dark Templar  
  66  11:38  Zealot x2  
  67  11:56  Probe x3  
  67  11:57  Void Ray  
  67  12:00  Dark Templar  
  72  12:03  Zealot x3  
  72  12:05  Archon  
  72  12:08  Assimilator  
  78  12:10  Probe (Chrono Boost)  
  78  12:13  Immortal  
  85  12:16  Probe x2 (Chrono Boost)  
  85  12:17  Zealot  
  71  12:40  Zealot x5  
  85  12:48  Photon Cannon  
  85  12:49  Probe  
  86  12:53  Probe x2  
  88  13:00  High Templar  
  88  13:01  High Templar  
Tags
 
Add a new tag
Caveats
  • Supply blocks, unpowered buildings, or Contaminate may cause inaccurate times.
  • Supply counts are checked every 10 seconds.